 Dungeon Crawl Stone Soup version 0.19.5 (webtiles) character file.

246391 Rrauwl the Severer (level 18, -7/171 HPs)
             Began as a Minotaur Fighter on Mar 15, 2017.
             Was the Champion of Okawaru.
             Mangled by an acid blob (15 damage)
             ... created by the Royal Jelly
             ... on level 5 of the Pits of Slime.
             The game lasted 03:38:31 (32098 turns).

Rrauwl the Severer (Minotaur Fighter)              Turns: 32098, Time: 03:38:32

Health: -7/171     AC: 26    Str: 35    XL:     18   Next: 79%
Magic:  1/23       EV: 14    Int:  6    God:    Okawaru [******]
Gold:   2797       SH: 33    Dex: 15    Spells: 0 memorised, 17 levels left

rFire  + . .     SeeInvis +     I - +14 obsidian axe {chop, +Fly SInv *Curse} (curse)
rCold  + . .     Gourm    .     n - +10 crystal plate armour "Visogoce" {+Inv rC- MR+ rCorr Str+4}
rNeg   + . .     Faith    .     a - +6 large shield {reflect}
rPois  +         Spirit   .     d - -2 hat of the Alchemist {rElec rPois rF+ rC+ rN+ MR+ rMut rCorr}
rElec  +         Reflect  +     h - +1 cloak {+Inv}
rCorr  +         Harm     .     H - +2 pair of gloves {Dex+3}
rMut   +         Rnd*Rage +     p - +1 pair of boots {run}
MR     +++..                    A - amulet of rage
Stlth  ..........               J - +5 ring of strength
                                D - ring of protection from cold

@: exhausted, heroism, corroded, mesmerised, very slightly contaminated, hasted
and slowed, quick
A: retaliatory headbutt, claws 1, horns 2, berserk 1, poison resistance,
electricity resistance, MP-powered wands
a: Heroism, Finesse, Renounce Religion, Evoke Berserk Rage, Evoke Invisibility,
Evoke Flight
}: 2/15 runes: decaying, serpentine


You were on level 5 of the Pits of Slime.
You worshipped Okawaru.
Okawaru was exalted by your worship.
You were not hungry.

You visited 6 branches of the dungeon, and saw 36 of its levels.
You visited 1 bazaar.
You also visited: Labyrinth, Ice Cave and Volcano.

You collected 3529 gold pieces.
You spent 732 gold pieces at shops.

Inventory:

Hand Weapons
 F - a +5 flail of freezing
 I - the cursed +14 obsidian axe (weapon) {chop, +Fly SInv *Curse}
   (You found it on level 10 of the Dungeon)

   It inflicts extra damage upon your enemies.
   It lets you see invisible.
   It lets you fly.
   It may re-curse itself when equipped.
   It has a curse placed upon it.
Missiles
 R - 11 javelins of penetration (quivered)
Armour
 a - a +6 large shield of reflection (worn)
 d - the -2 hat of the Alchemist (worn) {rElec rPois rF+ rC+ rN+ MR+ rMut rCorr}
   (You acquired it on level 1 of the Snake Pit)

   It protects you from fire.
   It protects you from cold.
   It insulates you from electricity.
   It protects you from poison.
   It protects you from negative energy.
   It affects your resistance to hostile enchantments.
   It protects you from acid and corrosion.
   It protects you from mutation.
 f - a +2 hat of intelligence
 h - a +1 cloak of invisibility (worn)
 n - the +10 crystal plate armour "Visogoce" (worn) {+Inv rC- MR+ rCorr Str+4}
   (Okawaru gifted it to you on level 3 of the Lair of Beasts)

   It affects your strength (+4).
   It makes you vulnerable to cold.
   It affects your resistance to hostile enchantments.
   It lets you turn invisible.
   It protects you from acid and corrosion.
 p - a +1 pair of boots of running (worn)
 H - a +2 pair of gloves of dexterity (worn)
Jewellery
 A - an amulet of rage (around neck)
 D - a ring of protection from cold (left hand)
 J - a +5 ring of strength (right hand)
Wands
 b - a wand of digging (21/24)
 c - a wand of slowing (34/48)
 u - a wand of iceblast (12/15)
 x - a wand of acid (5/15)
 L - a wand of lightning (6/15)
Scrolls
 e - 10 scrolls of teleportation
 g - 4 scrolls of fear
 i - 13 scrolls of remove curse
 j - 8 scrolls of identify
 m - 7 scrolls of blinking
Potions
 k - 18 potions of curing
 w - 4 potions of might
 C - a potion of resistance
 T - 2 potions of agility
 W - 4 potions of invisibility
Miscellaneous
 M - a phial of floods
Comestibles
 q - 7 royal jellies


   Skills:
 + Level 17.6(22.6) Fighting
 + Level 19.3(24.3) Axes
 - Level 8.1(13.1) Throwing
 + Level 17.0(22.0) Armour
 - Level 7.0(12.0) Dodging
 - Level 3.0(8.0) Stealth
 + Level 17.5(22.5) Shields
 - Level 9.0 Invocations
 - Level 8.0 Evocations


You had 17 spell levels left.
You didn't know any spells.

Dungeon Overview and Level Annotations

Branches:
Dungeon (15/15)            Temple (0/1) D:4            Lair (6/6) D:9
  Swamp (4/4) Lair:4        Snake (4/4) Lair:2        Slime (5/5) Lair:5
    Orc (2/2) D:11            Elf (0/3) Orc:2        Vaults (0/5) D:13
 Depths (0/5) D:15

Altars:
Ashenzari
Cheibriados
Fedhas
Hepliaklqana
Nemelex Xobeh
Okawaru
Ru
Trog
Uskayaw
Vehumet
Zin
The Shining One
Beogh
Jiyva

Shops:
D:10 (**!(   D:13 *   Orc:2 %}(}


Innate Abilities, Weirdness & Mutations

You reflexively headbutt those who attack you in melee.
You have a pair of horns on your head.
You have sharp fingernails.
You tend to lose your temper in combat.
Your system is resistant to poisons. (rPois)
You are resistant to electric shocks. (rElec)
You expend magic power (3 MP) to strengthen your wands.


Message History

You feel better. You block the acid blob's attack. x2
The orange demon misses you. The acid blob spits acid at you.
The splash of acid hits you! The acid corrodes you!
You are splashed with acid!
The acid burns!
You resist.
* * * LOW HITPOINT WARNING * * *
Your neqoxec gestures.
The slime creature jiggles.
The acid blob spits acid at you.
Your +6 large shield of reflection reflects the splash of acid!
The splash of acid hits the acid blob.
The acid blob completely resists.
The azure jelly hits you.
* * * LOW HITPOINT WARNING * * *
The azure jelly freezes you! You resist.
* * * LOW HITPOINT WARNING * * *
You block the azure jelly's attack. The azure jelly closely misses you.
The azure jelly hits you.
* * * LOW HITPOINT WARNING * * *
The acid blob hits you!
You die...

(=?[$..../"φ[[. ..
.())......?[(..#...
..):!....($$.......
...[...J..!........
...................
..^...JJ............
.....JJJJ............
.....JJ@..............
.....3JJ..............
.......4..............
.....5................
......................
......................
......................
......................
......................


You could see 5 acid blobs, 2 azure jellies, a slime creature, an orange demon,
3 death oozes, a friendly neqoxec and a friendly quasit.

Vanquished Creatures
  the Royal Jelly (Slime:5)
  Dissolution (Slime:2)
  Saint Roka (Orc:2)
  The ghost of murphvienna the Warrior, an adept DsBe of Trog (Slime:5)
  10 acid blobs
  A thorn hunter (Swamp:4)
  8 nagarajas
  Louise (D:14)
  3 azure jellies (Slime:5)
  Aizul (Snake:1)
  The ghost of Jerry the Severer, a journeyman FoAK of Lugonu (Lair:4)
  A dire elephant (D:15)
  4 death oozes
  A minotaur (Lab)
  3 great orbs of eyes
  Josephine (Orc:1)
  4 vault guards (D:13)
  11 naga warriors
  10 hydras
  13 anacondas
  2 catoblepae (Lair:6)
  A centaur warrior (D:15)
  14 alligators
  11 death yaks
  5 shock serpents
  6 naga sharpshooters
  5 orc high priests (Orc:2)
  Sonja (Orc:2)
  A salamander mystic (Snake:3)
  2 skeletal warriors (Volcano)
  3 spriggan druids
  3 unseen horrors
  A naga ritualist (Snake:4)
  7 sea snakes (Snake:4)
  A shambling mangrove (Swamp:4)
  11 swamp dragons
  The ghost of BugsBunnySan the Ripper, a novice FeBe of Trog (IceCv)
  A necromancer (IceCv)
  7 hill giants
  6 orc knights
  A lindwurm (Lair:5)
  3 anaconda skeletons (Volcano)
  3 mana vipers (Snake:4)
  An obsidian statue (D:10)
  A wolf spider zombie (D:15)
  An orc sorcerer (Orc:2)
  5 ugly things
  4 cyclopes
  A shining eye (Slime:5)
  A wolf spider (D:15)
  9 elephants
  3 manticores
  20 black mambas
  Joseph (D:8)
  5 salamanders
  9 naga magi
  A torpor snail (Lair:6)
  7 guardian serpents (Snake:4)
  An ice statue (D:15)
  The ghost of BugsBunnySan the Gouger, a novice FeBe of Trog (D:8)
  4 gargoyles
  27 spiny frogs
  5 rime drakes
  6 freezing wraiths
  10 komodo dragons
  8 hornets
  A queen bee (Lair:5)
  A tengu conjurer (D:15)
  3 meliai (Lair:5)
  A polar bear (Lair:2)
  3 trolls
  5 tyrant leeches
  16 slime creatures
  A meliai zombie (D:15)
  35 blink frogs
  4 two-headed ogres
  A blink frog (shapeshifter) (D:14)
  12 hippogriffs
  6 dream sheep (Lair:6)
  5 bog bodies
  A harpy skeleton (Volcano)
  8 spriggans
  An alligator skeleton (Volcano)
  3 flying skulls (Volcano)
  3 shadows
  3 wyverns
  7 wraiths
  A vampire (D:10)
  A hungry ghost (D:14)
  3 golden eyes (Slime:2)
  31 yaks
  4 basilisks
  A steam dragon (D:9)
  Edmund (D:4)
  14 vampire mosquitoes
  A mottled dragon (D:15)
  16 swamp worms
  4 wargs (Orc:2)
  35 nagas
  7 water moccasins
  6 porcupines
  10 swamp drakes
  2 black bears
  A sky beast (D:13)
  12 ice beasts
  2 eyes of draining
  3 necrophages
  48 orc warriors
  2 phantoms
  21 centaurs
  2 alligator simulacra (IceCv)
  9 ogres
  10 wolves
  6 big kobolds
  18 crocodiles
  11 bullfrogs
  2 gnoll sergeants
  A scorpion (D:8)
  An elephant simulacrum (IceCv)
  27 killer bees
  A spriggan skeleton (Volcano)
  3 troll skeletons (Volcano)
  6 howler monkeys
  5 crimson imps
  3 bullfrog zombies
  7 centaur zombies
  4 draconian simulacra (IceCv)
  5 hounds
  A jelly (D:15)
  A quasit (D:10)
  28 orc priests
  19 orc wizards
  4 centaur skeletons
  2 bullfrog skeletons
  2 iguanas
  2 troll simulacra (IceCv)
  7 worker ants
  5 hell rats (Lair:5)
  A polar bear simulacrum (IceCv)
  2 spriggan simulacra (IceCv)
  A killer bee zombie (D:7)
  A centaur simulacrum (IceCv)
  A hound skeleton (D:7)
  6 gnolls
  9 adders
  4 river rats (D:9)
  2 ogre simulacra (IceCv)
  4 naga simulacra (IceCv)
  3 shadow imps
  7 white imps (IceCv)
  An ooze (D:4)
  An adder zombie (D:7)
  An adder skeleton (D:4)
  3 worms
  5 leopard geckos
  97 orcs
  3 giant cockroaches
  7 goblins
  4 hobgoblins
  4 jackals (D:5)
  3 quokkas
  3 ball pythons
  A ball python skeleton (D:4)
  15 bats
  8 frilled lizards
  13 kobolds
  A leopard gecko skeleton (D:4)
  A quokka skeleton (D:4)
  12 rats
  9 fungi
  8 plants
1083 creatures vanquished.

Vanquished Creatures (collateral kills)
  2 acid blobs
  An azure jelly (Slime:5)
  2 nagarajas (Snake:4)
  Snorg (D:12)
  4 vault guards (D:13)
  4 naga warriors
  5 hydras
  A catoblepas (Lair:6)
  An anaconda (Snake:4)
  4 death yaks
  An alligator (Swamp:2)
  2 tengu warriors
  A salamander mystic (Snake:4)
  A swamp dragon (Swamp:1)
  A hill giant (D:12)
  An orc knight (Orc:2)
  A mana viper (Snake:3)
  A shining eye (Slime:5)
  3 elephants
  A salamander (Snake:2)
  3 black mambas
  2 naga magi
  2 gargoyles (Volcano)
  An ice statue (IceCv)
  3 spiny frogs
  A rime drake (Lair:6)
  3 komodo dragons
  5 freezing wraiths (IceCv)
  2 hornets
  A troll (D:13)
  4 blink frogs
  5 slime creatures
  8 dream sheep (Lair:6)
  11 yaks
  2 vampires
  An alligator skeleton (Volcano)
  3 spriggans
  A wyvern (D:12)
  A golden eye (Slime:2)
  2 nagas (Snake:4)
  A swamp worm (Swamp:1)
  2 water moccasins
  A swamp drake (Swamp:2)
  5 orc warriors
  An ogre (Orc:2)
  2 crocodiles
  7 killer bees
  A spriggan skeleton (Volcano)
  2 howler monkeys (D:12)
  A draconian simulacrum (IceCv)
  A jelly (D:5)
  2 orc priests (Orc:2)
  An orc wizard (Orc:1)
  3 hell rats (Lair:5)
  A worker ant (D:10)
  2 centaur simulacra (IceCv)
  2 ogre simulacra (IceCv)
  5 white imps (IceCv)
  13 orcs
  3 kobolds (D:12)
  2 fungi
157 creatures vanquished.

Vanquished Creatures (others)
  An acid blob (Slime:5)
  A death ooze (Slime:5)
  2 naga sharpshooters
  A salamander mystic (Snake:4)
  A cyclops (D:15)
  A black mamba (Snake:4)
  A yak (D:12)
  A spriggan (Swamp:3)
  An orc wizard (D:5)
  14 fungi
  2 plants
26 creatures vanquished.

Grand Total: 1266 creatures vanquished

Notes
Turn   | Place    | Note
-------+----------+-------------------------------------------
     0 | D:1      | Rrauwl the Minotaur Fighter began the quest for the Orb.
     0 | D:1      | Reached XP level 1. HP: 19/19 MP: 0/0
   232 | D:1      | Reached XP level 2. HP: 27/27 MP: 1/1
  1094 | D:2      | Reached skill level 3 in Axes
  1110 | D:2      | Reached XP level 3. HP: 33/33 MP: 2/2
  1415 | D:2      | Found a glowing golden altar of the Shining One.
  1693 | D:2      | Reached skill level 4 in Axes
  1879 | D:3      | Reached XP level 4. HP: 40/40 MP: 3/3
  1924 | D:3      | You fall through a shaft for 3 floors!
  1924 | D:6      | Noticed a centaur
  1933 | D:6      | Killed a centaur
  1933 | D:6      | Reached skill level 5 in Axes
  1933 | D:6      | Reached XP level 5. HP: 38/46 MP: 4/4
  2020 | D:6      | Reached skill level 6 in Axes
  2038 | D:6      | Found a sparkling altar of Nemelex Xobeh.
  2053 | D:6      | Reached skill level 7 in Axes
  2053 | D:6      | Reached XP level 6. HP: 48/52 MP: 5/5
  2193 | D:5      | Entered Level 5 of the Dungeon
  2446 | D:3      | Found an iron altar of Okawaru.
  2453 | D:3      | Became a worshipper of Warmaster Okawaru
  2734 | D:4      | Reached skill level 1 in Evocations
  2738 | D:4      | Reached skill level 8 in Axes
  3084 | D:4      | Reached XP level 7. HP: 38/59 MP: 7/7
  3342 | D:4      | Found a staircase to the Ecumenical Temple.
  3380 | D:4      | Noticed Edmund
  3388 | D:4      | Killed Edmund
  3388 | D:4      | Reached * piety under Okawaru
  3985 | D:5      | Reached skill level 9 in Axes
  4327 | D:5      | Found a hazy altar of Hepliaklqana.
  4327 | D:5      | Found a radiant altar of Vehumet.
  4328 | D:5      | Found a blossoming altar of Fedhas.
  4667 | D:6      | Reached XP level 8. HP: 48/66 MP: 8/10
  4986 | D:6      | Reached skill level 1 in Invocations
  5406 | D:7      | Reached ** piety under Okawaru
  5406 | D:7      | Reached skill level 10 in Axes
  5435 | D:7      | Found a hide-covered altar of Uskayaw.
  5729 | D:7      | Killed an unseen horror
  5729 | D:7      | Reached skill level 5 in Evocations
  5729 | D:7      | Reached XP level 9. HP: 53/71 MP: 8/12
  5834 | D:7      | Found a glowing silver altar of Zin.
  6030 | D:8      | Noticed BugsBunnySan's ghost (novice FeBe)
  6183 | D:8      | Killed BugsBunnySan's ghost
  6183 | D:8      | Reached *** piety under Okawaru
  6183 | D:8      | Reached skill level 1 in Dodging
  6189 | D:8      | Reached skill level 11 in Axes
  6196 | D:8      | Noticed Joseph
  6209 | D:8      | Killed Joseph
  6210 | D:8      | Found a shattered altar of Ashenzari.
  6627 | D:8      | Reached skill level 5 in Fighting
  6627 | D:8      | Reached skill level 5 in Shields
  6711 | D:8      | Reached skill level 5 in Invocations
  6980 | D:9      | Reached skill level 5 in Armour
  7041 | D:9      | Reached **** piety under Okawaru
  7076 | D:9      | Reached skill level 1 in Throwing
  7099 | D:9      | Found a staircase to the Lair.
  7266 | D:9      | Found a bloodstained altar of Trog.
  7605 | D:9      | Reached XP level 10. HP: 68/82 MP: 13/13
  7856 | D:10     | Entered Level 10 of the Dungeon
  7943 | D:10     | Noticed an obsidian statue
  7966 | D:10     | Found Kuichogh's Distillery.
  7982 | D:10     | Found Vyal's Antique Weapon Shoppe.
  8004 | D:10     | Killed an obsidian statue
  8008 | D:10     | Got a spiked chain mail
  8040 | D:9      | Identified the cursed +0 chain mail of Giqipax {rN+} (You found it on level 10 of the Dungeon)
  8092 | D:10     | Got a slimy ring mail
  8103 | D:10     | Identified the +2 ring mail of Heoddia {rC+} (You found it on level 10 of the Dungeon)
  8307 | D:10     | Noticed a hill giant
  8311 | D:10     | Killed a hill giant
  8311 | D:10     | Reached ***** piety under Okawaru
  8532 | D:10     | Found Kerizobb's Weapon Emporium.
  8547 | D:10     | Found Vakkis's General Store.
  8576 | D:10     | Found a sacrificial altar of Ru.
  8576 | D:10     | Noticed a tengu warrior
  8581 | D:10     | Killed a tengu warrior
  8581 | D:10     | Reached skill level 12 in Axes
  8603 | D:10     | Reached skill level 5 in Dodging
  8629 | D:10     | Found Jinurrai's Assorted Antiques.
  8630 | D:10     | Found a snail-covered altar of Cheibriados.
  8633 | D:10     | Bought a blue potion for 31 gold pieces
  8633 | D:10     | Bought a bubbling dark potion for 31 gold pieces
  8826 | Lair:1   | Entered Level 1 of the Lair of Beasts
  8983 | Lair:1   | Reached XP level 11. HP: 92/92 MP: 14/14
  9174 | Lair:1   | Received a gift from Okawaru
  9883 | Lair:2   | Found a staircase to the Snake Pit.
 10096 | Lair:2   | Noticed a sixfirhy
 10683 | Lair:3   | Noticed a seven-headed hydra
 10690 | Lair:3   | Killed a seven-headed hydra
 10690 | Lair:3   | Received a gift from Okawaru
 10693 | Lair:3   | Got a dazzling crystal plate armour {god gift}
 10708 | Lair:3   | Identified the +10 crystal plate armour "Visogoce" {+Inv rC- MR+ rCorr Str+4} (Okawaru gifted it to you on level 3 of the Lair of Beasts)
 10764 | Lair:3   | Noticed a death yak
 10776 | Lair:3   | Killed a death yak
 10776 | Lair:3   | Reached skill level 13 in Axes
 11066 | Lair:3   | Found a dark tunnel.
 11073 | Volcano  | Entered a volcano
 11125 | Volcano  | Reached XP level 12. HP: 83/105 MP: 15/15
 11287 | Volcano  | Reached skill level 10 in Fighting
 11798 | Lair:3   | Reached ****** piety under Okawaru
 11840 | Lair:3   | Noticed a death yak
 11841 | Lair:3   | Noticed a death yak
 11842 | Lair:3   | Noticed a death yak
 11854 | Lair:3   | Killed a death yak
 11854 | Lair:3   | Received a gift from Okawaru
 11859 | Lair:3   | Reached skill level 10 in Armour
 11862 | Lair:3   | Killed a death yak
 11862 | Lair:3   | Reached skill level 10 in Shields
 11865 | Lair:3   | Killed a death yak
 11869 | Lair:3   | Got a warped demon trident {god gift}
 11879 | Lair:3   | Identified the +3 demon trident "Robugewo" {flame, +Fly rPois rF+++ Stlth-} (Okawaru gifted it to you on level 3 of the Lair of Beasts)
 12051 | Lair:3   | Reached skill level 14 in Axes
 12241 | Lair:4   | Noticed Jerry's ghost (journeyman FoAK)
 12250 | Lair:4   | Killed Jerry's ghost
 12258 | Lair:4   | Received a gift from Okawaru
 12263 | Lair:4   | Found a staircase to the Swamp.
 12357 | Lair:4   | Found a frozen archway.
 12380 | IceCv    | Entered an ice cave
 12387 | IceCv    | Reached XP level 13. HP: 87/116 MP: 16/16
 12828 | IceCv    | Found an ancient bone altar of Kikubaaqudgha.
 12915 | IceCv    | Noticed BugsBunnySan's ghost (novice FeBe)
 12926 | IceCv    | Killed BugsBunnySan's ghost
 12977 | IceCv    | Got a distressingly furry hat
 12983 | IceCv    | Identified the cursed +0 hat "Bedghiacu" {rC- Str+6 Int+6} (You found it in an ice cave)
 13120 | Lair:4   | Received a gift from Okawaru
 13121 | Lair:4   | Got a brightly glowing executioner's axe {god gift}
 13157 | Lair:4   | Identified the +8 executioner's axe of Honesty {freeze, Dex+4 SInv} (Okawaru gifted it to you on level 4 of the Lair of Beasts)
 14038 | Lair:5   | Found a viscous altar of Jiyva.
 14039 | Lair:5   | Found a staircase to the Slime Pits.
 14316 | Lair:5   | Received a gift from Okawaru
 14319 | Lair:5   | Reached skill level 15 in Axes
 14515 | Lair:5   | Got an ichor-stained short sword
 14555 | Lair:5   | Identified the cursed +0 short sword of Ofaatz {flame, SInv} (You found it on level 5 of the Lair of Beasts)
 14917 | Lair:6   | Entered Level 6 of the Lair of Beasts
 14928 | Lair:6   | Reached XP level 14. HP: 127/127 MP: 17/17
 14978 | Lair:6   | Identified a scroll of acquirement
 14979 | Lair:6   | Got a pair of encrusted boots
 14985 | Lair:6   | Identified the +0 pair of boots of the Foremost Beggars {-Cast rPois Int+2} (You acquired it on level 6 of the Lair of Beasts)
 15141 | Lair:6   | Received a gift from Okawaru
 15142 | Lair:6   | Got a jewelled hand axe {god gift}
 15143 | Lair:6   | Identified the +10 hand axe of Kagueha {freeze, Int+3} (Okawaru gifted it to you on level 6 of the Lair of Beasts)
 15676 | Lair:6   | Received a gift from Okawaru
 15698 | Lair:6   | Got a scorched broad axe {god gift}
 15699 | Lair:6   | Identified the +1 broad axe "Fish" {freeze, rPois} (Okawaru gifted it to you on level 6 of the Lair of Beasts)
 16156 | Lair:6   | Received a gift from Okawaru
 16169 | Lair:6   | Got a pair of twisted boots
 16184 | Lair:6   | Identified the +2 pair of boots "Onunwasadu" {rCorr} (You found it on level 6 of the Lair of Beasts)
 16544 | D:11     | Gained mutation: You occasionally shout uncontrollably at your foes. [potion of mutation]
 16544 | D:11     | Gained mutation: Scrolls take you a little longer to read. [potion of mutation]
 16611 | D:11     | Found a staircase to the Orcish Mines.
 16618 | D:11     | Reached skill level 16 in Axes
 16723 | D:11     | Found a snail-covered altar of Cheibriados.
 16755 | D:11     | Found a labyrinth entrance.
 16762 | Lab      | Entered a labyrinth
 17349 | Lab      | Identified the Incunabulum of Supportive Stolen Souls
 17365 | Lab      | Identified a +6 rod of clouds (11/11) (You found it in a labyrinth)
 17383 | D:11     | Received a gift from Okawaru
 17384 | D:11     | Got an encrusted plate armour {god gift}
 17395 | D:11     | Identified the +11 plate armour of the Zebra {Regen+ Int-3 SInv Stlth+} (Okawaru gifted it to you on level 11 of the Dungeon)
 17847 | D:12     | Gained mutation: You have sharp fingernails. [potion of mutation]
 17847 | D:12     | Gained mutation: You expend magic power (3 MP) to strengthen your wands. [potion of mutation]
 17847 | D:12     | Gained mutation: Your muscles are strong. (Str +2) [potion of mutation]
 18060 | D:12     | Got a ripped robe
 18102 | D:12     | Found a flickering gateway to a bazaar.
 18113 | Bazaar   | Entered a bazaar
 18113 | Bazaar   | Found Tifil's General Store.
 18113 | Bazaar   | Found Cimoqekh's Jewellery Emporium.
 18134 | Bazaar   | Bought a potion of might for 36 gold pieces
 18134 | Bazaar   | Bought a scroll of identify for 18 gold pieces
 18148 | Bazaar   | Found Imaich's Antique Weapon Shoppe.
 18156 | Bazaar   | Found Ziexuf's Magic Scroll Shoppe.
 18164 | Bazaar   | Bought a scroll of vulnerability for 105 gold pieces
 18164 | Bazaar   | Bought a scroll of teleportation for 42 gold pieces
 18164 | Bazaar   | Bought a scroll of teleportation for 42 gold pieces
 18164 | Bazaar   | Bought a scroll of remove curse for 42 gold pieces
 18164 | Bazaar   | Bought a scroll of remove curse for 42 gold pieces
 18164 | Bazaar   | Bought a scroll of enchant armour for 105 gold pieces
 18164 | Bazaar   | Bought a scroll of recharging for 133 gold pieces
 18169 | Bazaar   | Found Wuzoakic's Antique Armour Boutique.
 18381 | D:12     | Got a bloodstained hand crossbow
 18384 | D:12     | Identified the +4 hand crossbow of Courage {venom, *Corrode rPois Str+9 Dex-4} (You found it on level 12 of the Dungeon)
 18471 | D:12     | Noticed Snorg
 18478 | D:12     | Killed Snorg
 18758 | D:12     | Identified the cursed +0 robe of Xypnou {rElec} (You found it on level 12 of the Dungeon)
 18841 | D:13     | Reached XP level 15. HP: 136/136 MP: 19/19
 18921 | D:13     | Found a gate to the Vaults.
 19029 | D:13     | Found Loisi's General Store.
 19035 | D:13     | Bought a scroll of enchant armour for 75 gold pieces
 19035 | D:13     | Bought a scroll of teleportation for 30 gold pieces
 19572 | D:14     | Received a gift from Okawaru
 19642 | D:14     | Noticed Louise
 19661 | D:14     | Killed Louise
 19928 | D:14     | Received a gift from Okawaru
 19959 | D:14     | Gained mutation: Your system is resistant to poisons. (rPois) [mutagenic meat]
 19964 | D:14     | Gained mutation: You tend to lose your temper in combat. [mutagenic meat]
 20957 | D:15     | Entered Level 15 of the Dungeon
 20959 | D:15     | Got a pitted plate armour
 20977 | D:15     | Identified the +8 plate armour "Geadyrgh" {Regen+} (You found it on level 15 of the Dungeon)
 21072 | D:15     | Found a glowing golden altar of the Shining One.
 21176 | D:15     | Found a staircase to the Depths.
 21418 | D:15     | Found a runed door.
 21444 | D:15     | Found a runed door.
 21465 | D:15     | Reached skill level 5 in Throwing
 21477 | D:15     | Found a runed door.
 21486 | D:15     | Found a runed door.
 22019 | Snake:1  | Entered Level 1 of the Snake Pit
 22235 | Snake:1  | Noticed Aizul
 22242 | Snake:1  | Killed Aizul
 22246 | Snake:1  | Received a gift from Okawaru
 22267 | Snake:1  | Identified a +1 pair of boots of running (Okawaru gifted it to you on level 1 of the Snake Pit)
 23081 | Snake:2  | Noticed a nagaraja
 23091 | Snake:2  | Killed a nagaraja
 23441 | Snake:2  | Reached XP level 16. HP: 146/146 MP: 21/21
 23761 | Snake:2  | Identified a +0 rod of ignition (9/9) (You found it on level 2 of the Snake Pit)
 23961 | Snake:3  | Reached skill level 17 in Axes
 24111 | Snake:3  | Gained mutation: You are clumsy. (Dex -2) [potion of mutation]
 24111 | Snake:3  | Lost mutation: Scrolls take you a little longer to read. [potion of mutation]
 24111 | Snake:3  | Lost mutation: Your muscles are strong. (Str +2) [potion of mutation]
 24224 | Snake:3  | Got a jewelled trident
 24225 | Snake:3  | Identified the +4 trident of Laidoij {chaos, Int+4} (You found it on level 3 of the Snake Pit)
 24823 | Snake:4  | Entered Level 4 of the Snake Pit
 24847 | Snake:4  | Received a gift from Okawaru
 24913 | Snake:4  | Received a gift from Okawaru
 24992 | Snake:4  | Found a snail-covered altar of Cheibriados.
 25093 | Snake:4  | Reached skill level 15 in Shields
 25118 | Snake:4  | Reached skill level 15 in Fighting
 25138 | Snake:4  | Lost mutation: You are clumsy. (Dex -2) [mutagenic meat]
 25139 | Snake:4  | Lost mutation: You occasionally shout uncontrollably at your foes. [mutagenic meat]
 25140 | Snake:4  | Gained mutation: You are resistant to electric shocks. (rElec) [mutagenic meat]
 25263 | Snake:4  | Received a gift from Okawaru
 25281 | Snake:4  | Reached skill level 15 in Armour
 25293 | Snake:4  | Reached XP level 17. HP: 143/156 MP: 22/22
 25296 | Snake:4  | Got a serpentine rune of Zot
 26201 | Swamp:1  | Entered Level 1 of the Swamp
 26255 | Swamp:1  | Reached skill level 1 in Stealth
 27348 | Swamp:2  | Reached skill level 18 in Axes
 27378 | Swamp:2  | Received a gift from Okawaru
 27379 | Swamp:2  | Got a bloodstained hat {god gift}
 27380 | Swamp:2  | Identified the +1 hat of Cihinuer {Regen+} (Okawaru gifted it to you on level 2 of the Swamp)
 28323 | Swamp:4  | Entered Level 4 of the Swamp
 28717 | Swamp:4  | Received a gift from Okawaru
 28727 | Swamp:4  | Got a decaying rune of Zot
 29326 | Orc:1    | Entered Level 1 of the Orcish Mines
 29389 | Orc:1    | Found a roughly hewn altar of Beogh.
 29608 | Orc:2    | Entered Level 2 of the Orcish Mines
 29619 | Orc:2    | Noticed Saint Roka
 29635 | Orc:2    | Killed Saint Roka
 29845 | Orc:2    | Noticed Sonja
 29886 | Orc:2    | Killed Sonja
 29958 | Orc:2    | Found a roughly hewn altar of Beogh.
 30151 | Orc:2    | Received a gift from Okawaru
 30160 | Orc:2    | Reached XP level 18. HP: 138/168 MP: 21/23
 30666 | Orc:2    | Found a staircase to the Elven Halls.
 30737 | Orc:2    | Found Muocot's Food Shoppe.
 30740 | Orc:2    | Found Unnet's Antique Weapon Emporium.
 30741 | Orc:2    | Found Busiu's Gadget Shoppe.
 30742 | Orc:2    | Found Ogimiol's Gadget Shoppe.
 31095 | Orc:1    | Noticed Josephine
 31101 | Orc:1    | Killed Josephine
 31391 | Slime:1  | Entered Level 1 of the Pits of Slime
 31409 | Slime:2  | Noticed Dissolution
 31425 | Slime:2  | Paralysed by a floating eye for 4 turns
 31439 | Slime:2  | Killed Dissolution
 31803 | Slime:3  | Reached skill level 19 in Axes
 31919 | Slime:5  | Entered Level 5 of the Pits of Slime
 31926 | Slime:5  | Received a gift from Okawaru
 32046 | Slime:5  | Noticed murphvienna's ghost (adept DsBe)
 32070 | Slime:5  | Killed murphvienna's ghost
 32075 | Slime:5  | Noticed the Royal Jelly
 32092 | Slime:5  | Killed the Royal Jelly
 32098 | Slime:5  | HP: 8/171 [azure jelly[the Royal Jelly] (6)]
 32098 | Slime:5  | Mangled by an acid blob

Skill      XL: |  1  2  3  4  5  6  7  8  9 10 11 12 13 14 15 16 17 18 |
---------------+-------------------------------------------------------+-----
Armour         | 4 5 6 8 10 12 13 14 15 16 17 | 17.0
Shields        | 4 5 7 8 10 12 13 14 15 16 17 | 17.5
Fighting       | 4 5 7 9 11 12 13 14 15 16 17 | 17.6
Axes           | 3 4 5 7 8 9 10 11 12 13 14 15 16 17 18 19 | 19.3
Evocations     | 1 4 5 6 7 8 |  8.0
Invocations    | 4 5 6 8 9 |  9.0
Dodging        | 2 5 7 |  7.0
Throwing       | 1 3 5 7 8 |  8.1
Stealth        | 3 |  3.0

Action                   |  1- 3 |  4- 6 |  7- 9 | 10-12 | 13-15 | 16-18 || total
-------------------------+-------+-------+-------+-------+-------+-------++-------
Melee: War axe           |   128 |   133 |   111 |       |       |       ||   372
       Headbutt          |    13 |    21 |    40 |    69 |   218 |   220 ||   581
       Broad axe         |       |       |   175 |   263 |   824 |   783 ||  2045
       Flail             |       |       |       |    50 |     8 |     5 ||    63
Invok: Heroism           |       |       |     3 |     7 |    10 |    15 ||    35
       Finesse           |       |       |       |     1 |     4 |     3 ||     8
 Abil: Evoke Berserk Rag |       |     1 |     2 |     1 |       |       ||     4
Evoke: Wand              |       |       |       |    10 |       |     3 ||    13
       Sack of spiders   |       |       |       |       |       |     2 ||     2
  Use: Potion            |       |     2 |     5 |     4 |     3 |    11 ||    25
       Scroll            |       |     4 |    14 |    14 |    20 |     6 ||    58
 Stab: Distracted        |       |       |       |       |     6 |     8 ||    14
  Eat: Chunk             |     3 |     5 |     8 |    11 |    20 |    16 ||    63
       Meat ration       |       |       |     1 |       |     1 |       ||     2
       Royal jelly       |       |       |     1 |       |       |     1 ||     2
       Fruit             |       |       |     2 |     5 |     5 |     3 ||    15
       Beef jerky        |       |       |       |     1 |     1 |     6 ||     8
       Bread ration      |       |       |       |       |     3 |       ||     3
       Pizza             |       |       |       |       |       |     1 ||     1
Armor: Scale mail        |    33 |       |    75 |    25 |    11 |       ||   144
       Chain mail        |    25 |    50 |    10 |       |       |       ||    85
       Crystal plate arm |       |       |       |    46 |   191 |   211 ||   448
Dodge: Dodged            |    24 |    24 |    50 |    64 |    91 |   127 ||   380
Block: Shield            |    68 |    53 |    77 |       |       |       ||   198
       Large shield      |       |       |    73 |   257 |   708 |   882 ||  1920
       Reflection        |       |       |       |       |    56 |    81 ||   137
